 Dungeon Crawl Stone Soup version 0.29.0-11-gd7f09526c8 (webtiles) character file.

Game seed: 17513508230404123951

3866 Tirrikindir the Grappler (level 9, 0/87 HPs)
             Began as a Troll Monk on Sept 5, 2022.
             Was a Priest of Cheibriados.
             Slain by Joseph
             ... wielding a +0 quarterstaff
              (16 damage)
             ... on level 7 of the Dungeon.
             The game lasted 00:17:36 (5123 turns).

Tirrikindir the Grappler (Troll Monk)               Turns: 5123, Time: 00:17:36

Health: 0/87       AC:  4    Str: 28    XL:     9   Next: 99%
Magic:  11/11      EV: 17    Int: 13    God:    Cheibriados [***...]
Gold:   447        SH:  0    Dex: 23    Spells: 8/8 levels left

rFire   . . .      SeeInvis .     - Unarmed
rCold   . . .      Faith    .   (no shield)
rNeg    . . .      Spirit   .   a - +0 robe
rPois   .          Reflect  .   (helmet restricted)
rElec   .          Harm     .   (no cloak)
rCorr   .          Rampage  .   (gloves unavailable)
Will    .....                   (boots unavailable)
Stlth   ++........              (no amulet)
HPRegen 1.04/turn               d - +4 ring of slaying
MPRegen 0.12/turn               H - +4 ring of evasion

@: very slow
A: large, unfitting armour, claws 3, regeneration 1, shaggy fur 1, tough skin 1
a: Renounce Religion, Bend Time, Temporal Distortion


You were on level 7 of the Dungeon.
You worshipped Cheibriados.
Cheibriados was most pleased with you.
You visited 2 branches of the dungeon, and saw 9 of its levels.

You collected 447 gold pieces.

Inventory:

Hand Weapons
 A - a +0 war axe of flaming
Missiles
 f - 6 javelins (quivered)
 q - 2 throwing nets
 u - 7 poisoned darts
Armour
 a - a +0 robe (worn)
Jewellery
 d - a +4 ring of slaying (left claw)
 m - a ring of see invisible
 r - a ring of magical power
 y - a ring of wizardry
 B - a ring of positive energy
 H - a +4 ring of evasion (right claw)
Wands
 n - a wand of flame (22)
 s - a wand of polymorph (14)
 v - a wand of iceblast (4)
 E - a wand of paralysis (10)
Scrolls
 e - a scroll of fear
 g - 3 scrolls of blinking
 h - a scroll of enchant weapon
 j - 3 scrolls of magic mapping
 l - 3 scrolls of teleportation
 o - a scroll of vulnerability
 t - 2 scrolls of immolation {unknown}
 x - 3 scrolls of silence
 C - a scroll of enchant armour {unknown}
 G - a scroll of poison {unknown}
Potions
 b - a potion of ambrosia
 c - 3 potions of curing
 i - 2 potions of cancellation
 k - a potion of flight
 p - 2 potions of resistance {unknown}
 w - 3 potions of mutation {unknown}
 z - a potion of berserk rage {unknown}
 D - 3 potions of might
 F - a potion of heal wounds {unknown}
 I - a potion of attraction {unknown}


   Skills:
 * Level 4.9 Fighting
 + Level 2.9 Throwing
 * Level 2.9 Armour
 * Level 5.0 Dodging
 - Level 2.0 Stealth
 * Level 8.7 Unarmed Combat
 + Level 4.5 Invocations
 + Level 3.5 Evocations


You had 8 spell levels left.
You didn't know any spells.
Your spell library contained the following spells:

 Spells                   Type           Power      Damage    Failure   Level
 Ensorcelled Hibernation  Hex/Ice        0%         N/A       43%         2
 Gell's Gravitas          Tloc           0%         N/A       67%         3
 Spider Form              Tmut/Pois      0%         N/A       67%         3
 Stone Arrow              Conj/Erth      0%         3d7       67%         3
 Teleport Other           Tloc           0%         N/A       67%         3
 Anguish                  Hex/Necr       0%         N/A       97%         4
 Animate Armour           Summ/Erth      0%         N/A       97%         4
 Fireball                 Conj/Fire      0%         3d3       100%        5
 Dispersal                Tloc           0%         N/A       100%        6
 Starburst                Conj/Fire      0%         6d3       100%        6
 Enfeeble                 Hex            0%         N/A       100%        7
 Ignition                 Fire           0%         3d3       100%        8
 Lehudib's Crystal Spear  Conj/Erth      0%         10d2      100%        8


Dungeon Overview and Level Annotations

Branches:
Dungeon (8/15)             Temple (1/1) D:6
   Lair: D:8-11

Altars:
Cheibriados
Dithmenos
Elyvilon
Fedhas
Gozag
Hepliaklqana
Kikubaaqudgha
Makhleb
Nemelex Xobeh
Okawaru
Qazlal
Ru
Sif Muna
Trog
Uskayaw
Vehumet
Wu Jian
Xom
Yredelemnul
Zin
The Shining One

Shops:
D:1 (   D:7 [=*

Annotations:
D:7 3 runed translucent doors, Joseph; quinnr's ghost, novice TeCj


Innate Abilities, Weirdness & Mutations

You are too large for most types of armour.
You have claws for hands.
Your natural rate of healing is unusually fast.
You are covered in fur. (AC +1)
You have tough skin. (AC +1)


Message History

The orc priest misses you. The orc misses you.
You barely miss the orc priest.
The orc priest is almost dead.
You barely miss the orc priest.
The orc priest is almost dead.
The orc priest hits you but does no damage.
The orc hits you with a +0 whip.
You scratch the orc priest.
You kill the orc priest!
Cheibriados appreciates the change of pace.
The orc misses you.
Your Dodging skill increases to level 5!
You mangle the orc!!
You kill the orc!
Cheibriados appreciates the change of pace.
Things that are here:
a +0 whip; a +0 ring mail; an orc corpse
Items here: )) [[ †.
Okay, then.
Joseph shoots a sling bullet.
The sling bullet hits you.
Joseph shoots a sling bullet.
The sling bullet hits you!
Joseph shoots a sling bullet.
The sling bullet hits you!
Joseph shoots a sling bullet.
The sling bullet hits you!
Joseph shoots a sling bullet.
The sling bullet hits you!
Joseph unwields a +0 sling.
Joseph wields a +0 quarterstaff.
Joseph hits you with a +0 quarterstaff!
* * * LOW HITPOINT WARNING * * *
Joseph hits you with a +0 quarterstaff.
* * * LOW HITPOINT WARNING * * *
You scratch Joseph.
Joseph is lightly wounded.
Joseph hits you with a +0 quarterstaff!
* * * LOW HITPOINT WARNING * * *
You feel better.
Joseph shouts, "I love to fight!
I love killing!"
Joseph closely misses you.
You claw Joseph!
Joseph is moderately wounded.
Joseph hits you with a +0 quarterstaff!
You die...

....# #.##..# ##...# ......#
#.....# ###.∩.#
...##..#######.####.....#########
##.# ................#..........
#.### ##########.##.##...........
###.###)########.##.##...........
.#.#.#.#.[..........##...........
.#.#.#.#........@#..............#
#.###.###.......@##.#.###########
### ### #........##.#.####.......
#........##..............
#........#####...........
#..............#.........
#######))).....#.#.......
#........#...######
........#########...## #
........# ###..###


You could see Joseph.

Vanquished Creatures
  A two-headed ogre (D:7)
  Pikel (D:6)
  Grinder (D:5)
  Eustachio (D:5)
  A steam dragon (D:7)
  2 black bears (D:5)
  A centaur (D:6)
  4 ogres
  3 phantoms
  Blork the orc (D:4)
  3 bullfrogs
  A necrophage (D:4)
  A gnoll sergeant (D:6)
  3 scorpions
  4 killer bees (D:7)
  4 orc priests
  6 hounds
  A jelly (D:4)
  3 iguanas (D:5)
  Ijyb (D:3)
  Natasha (thrice) (D:2)
  8 orc wizards
  5 gnolls (D:6)
  2 adders (D:4)
  An ufetubus (D:4)
  A worm (D:4)
  17 orcs
  6 endoplasms
  7 giant cockroaches
  3 goblins
  3 hobgoblins
  3 jackals
  A quokka (D:4)
  4 ball pythons
  8 bats
  3 frilled lizards
  5 kobolds
  8 rats
131 creatures vanquished.

Vanquished Creatures (others)
  2 withered plants (D:1)
2 creatures vanquished.

Grand Total: 133 creatures vanquished

Notes
Turn   | Place    | Note
-------+----------+-------------------------------------------
     0 | D:1      | Tirrikindir the Troll Monk began the quest for the Orb.
     0 | D:1      | Reached XP level 1. HP: 22/22 MP: 0/0
   246 | D:1      | Reached XP level 2. HP: 29/29 MP: 1/1
   360 | D:1      | Found Jeiqetiq's Antique Weapon Emporium.
   484 | D:1      | Found a faded altar of an unknown god.
   999 | D:2      | Noticed Natasha
  1004 | D:2      | Noticed a phantom
  1008 | D:2      | Killed Natasha
  1009 | D:2      | Reached XP level 3. HP: 36/36 MP: 2/2
  1011 | D:2      | Killed a phantom
  1012 | D:2      | Reached skill level 1 in Throwing
  1012 | D:2      | Reached skill level 1 in Armour
  1012 | D:2      | Reached skill level 4 in Unarmed Combat
  1012 | D:2      | Reached XP level 4. HP: 33/44 MP: 3/3
  1013 | D:2      | Found a sacrificial altar of Ru.
  1119 | D:2      | Noticed Natasha
  1123 | D:2      | Killed Natasha
  1124 | D:2      | Reached XP level 5. HP: 52/52 MP: 4/4
  1244 | D:2      | Noticed Natasha
  1252 | D:2      | Killed Natasha
  2073 | D:3      | Noticed Ijyb
  2081 | D:3      | Killed Ijyb
  2082 | D:3      | Reached XP level 6. HP: 48/61 MP: 5/5
  2423 | D:4      | Reached skill level 5 in Unarmed Combat
  2541 | D:4      | Reached skill level 1 in Evocations
  2554 | D:4      | Noticed Blork the orc
  2557 | D:4      | Killed Blork the orc
  2558 | D:4      | Reached XP level 7. HP: 66/67 MP: 6/6
  2961 | D:5      | Entered Level 5 of the Dungeon
  3087 | D:5      | You fall into a shaft and drop 3 floors!
  3100 | D:7      | Noticed Joseph
  3109 | D:7      | Noticed a steam dragon
  3112 | D:7      | Reached skill level 6 in Unarmed Combat
  3114 | D:7      | Killed a steam dragon
  3115 | D:7      | Reached XP level 8. HP: 54/78 MP: 7/7
  3369 | D:7      | Found Duitwiwk's Armour Boutique.
  3428 | D:6      | Reached skill level 7 in Unarmed Combat
  3499 | D:6      | Found a staircase to the Ecumenical Temple.
  3512 | Temple   | Entered the Ecumenical Temple
  3533 | Temple   | Became a worshipper of Cheibriados the Contemplative
  3533 | Temple   | Reached * piety under Cheibriados
  3533 | Temple   | Reached ** piety under Cheibriados
  3664 | D:6      | Reached skill level 1 in Invocations
  3679 | D:5      | Noticed Eustachio
  3689 | D:5      | Killed Eustachio
  3734 | D:5      | Noticed Grinder
  3740 | D:5      | Killed Grinder
  3741 | D:5      | Reached skill level 8 in Unarmed Combat
  4017 | D:5      | Reached XP level 9. HP: 82/84 MP: 10/10
  4516 | D:6      | Noticed Pikel
  4525 | D:6      | Paralysed by Pikel for 2 turns
  4528 | D:6      | Killed Pikel
  4685 | D:6      | Found a stormy altar of Qazlal.
  4691 | D:6      | Found a hide-covered altar of Uskayaw.
  4695 | D:6      | Found a glowing golden altar of the Shining One.
  4696 | D:6      | Found a shimmering blue altar of Sif Muna.
  4768 | D:7      | Found Pabro's General Store.
  4775 | D:7      | Found a runed translucent gate.
  4776 | D:7      | Found a runed translucent gate.
  4776 | D:7      | Noticed quinnr's ghost (novice TeCj)
  4780 | D:7      | Reached *** piety under Cheibriados
  4872 | D:7      | Found Hodast's Jewellery Shop.
  4921 | D:7      | Noticed a two-headed ogre
  4929 | D:7      | Killed a two-headed ogre
  4980 | D:7      | Found a runed translucent gate.
  5113 | D:7      | Reached skill level 5 in Dodging
  5123 | D:7      | Slain by Joseph

Illustrated notes

Levels and vault maps discovered:
D:1:      lemuel_arrival_river_ford, layout_loops_corners,
          ebering_ecumenical_altar_petrified, serial_shops, shop
D:2:      layout_basic, basic_altar, uniq_natasha
D:3:      kennysheep_big_flooded_room, layout_basic, uniq_ijyb
D:4:      layout_loops_ring, uniq_blork_the_orc
D:5:      layout_gridville, abandoned_shop, uniq_eustachio, uniq_grinder
D:6:      layout_cave_pools, minitemple, minmay_temple_entry_drinking_statues,
          hangedman_decor_diamond_cutter, uniq_pikel
D:7:      layout_basic, serial_shops, shop, shop_fountains,
          nicolae_take_the_stairs, nicolae_shop_stone, nicolae_shop_trees,
          biasface_ghost_orc_armoury, grunt_decor_resistance, uniq_joseph
D:8:      layout_cave_pools, evilmike_ruin_ashenzari, gammafunk_ghost_ooze,
          nicolae_figureground_sparkle
Temple:   nicolae_temple_bog_church

Skill      XL: |  1  2  3  4  5  6  7  8  9 |
---------------+----------------------------+-----
Throwing       | 1 2 |  2.9
Armour         | 1 2 |  2.9
Unarmed Combat | 4 5 6 8 |  8.7
Dodging        | 3 4 5 |  5.0
Fighting       | 3 4 |  4.9
Evocations     | 1 2 3 |  3.5
Stealth        | 2 |  2.0
Invocations    | 3 4 |  4.5

Action                   |  1- 3 |  4- 6 |  7- 9 || total
-------------------------+-------+-------+-------++-------
Melee: Unarmed           |    42 |    91 |   157 ||   290
       Punch             |       |     2 |     1 ||     3
Evoke: Wand              |       |       |     2 ||     2
  Use: Scroll            |       |     8 |     5 ||    13
       Potion            |       |       |     2 ||     2
 Stab: Sleeping          |     4 |     3 |     4 ||    11
       Distracted        |       |     1 |     1 ||     2
Armor: Robe              |    15 |    27 |    28 ||    70
Dodge: Dodged            |    25 |    33 |   103 ||   161
